 Dungeon Crawl Stone Soup version 0.28.0-43-g3370ac3207 (webtiles) character file.

Game seed: 17645051567027209860

196 Peloso the Covered (level 5, -2/47 HPs)
             Began as a Minotaur Fighter on Mar 27, 2022.
             Killed from afar by Blork the orc (3 damage)
             ... with a magic dart
             ... on level 4 of the Dungeon.
             The game lasted 00:03:31 (3361 turns).

Peloso the Covered (Minotaur Fighter)               Turns: 3361, Time: 00:03:32

Health: -2/47      AC:  9    Str: 21    XL:     5   Next: 45%
Magic:  4/4        EV:  7    Int:  5    God:
Gold:   106        SH:  4    Dex: 11    Spells: 4/4 levels left

rFire   . . .      SeeInvis .   a - +0 long sword
rCold   . . .      Faith    .   c - +0 buckler
rNeg    . . .      Spirit   .   k - +0 chain mail
rPois   .          Reflect  .   (helmet restricted)
rElec   .          Harm     .   (no cloak)
rCorr   .          Rampage  .   (no gloves)
Will    .....                   (no boots)
Stlth   ..........              (no amulet)
HPRegen 0.15/turn               (no ring)
MPRegen 0.09/turn               (no ring)

@: no status effects
A: horns 2, retaliatory headbutt
a: no special abilities


You were on level 4 of the Dungeon.
You visited 1 branch of the dungeon, and saw 4 of its levels.

You collected 106 gold pieces.

Inventory:

Hand Weapons
 a - a +0 long sword (weapon)
Missiles
 e - a throwing net (quivered)
Armour
 b - a +0 scale mail
 c - a +0 buckler (worn)
 k - a +0 chain mail (worn)
Jewellery
 j - a ring of flight
Wands
 n - a wand of flame (15)
 o - a wand of paralysis (7)
Scrolls
 f - a scroll of acquirement {unknown}
 g - a scroll of immolation {unknown}
 i - a scroll of blinking {unknown}
 l - a scroll of teleportation {unknown}
Potions
 d - a potion of might
 h - 2 potions of curing {unknown}
 m - 2 potions of brilliance {unknown}


   Skills:
 + Level 4.6 Fighting
 + Level 4.2 Long Blades
 + Level 5.2 Armour
 + Level 0.9 Dodging
 + Level 4.3 Shields


You had 4 spell levels left.
You didn't know any spells.
Your spell library contained the following spells:

 Spells                   Type           Power      Damage    Failure   Level
 Animate Dead             Necr           0%         N/A       100%        4
 Haunt                    Necr/Summ      0%         N/A       100%        7
 Infestation              Necr           0%         N/A       100%        8


Dungeon Overview and Level Annotations

Branches:
Dungeon (4/15)
 Temple: D:4-7

Altars:
Hepliaklqana

Annotations:
D:4 Blork the orc, Natasha


Innate Abilities, Weirdness & Mutations

You have a pair of horns on your head.
You reflexively headbutt those who attack you in melee.


Message History

Blork the orc hits you but does no damage.
Blork the orc looks angry.
You block Blork the orc's attack. Natasha claws you but does no damage.
You slash Blork the orc!
Blork the orc is severely wounded.
Blork the orc hits you but does no damage.
Blork the orc points at you and mumbles some strange words.
The magic dart hits you but does no damage.
Natasha closely misses you.
You hit Blork the orc.
Blork the orc is severely wounded.
Blork the orc hits you with a +0 trident.
You block Natasha's attack.
Blork the orc points at you and mumbles some strange words.
The puff of flame hits you.
You barely miss Blork the orc.
Blork the orc is severely wounded.
Blork the orc hits you with a +0 trident.
Natasha claws you!
Blork the orc gestures at you while chanting.
The puff of flame hits you.
You hit Blork the orc but do no damage.
Blork the orc is severely wounded.
Blork the orc hits you with a +0 trident!
* * * LOW HITPOINT WARNING * * *
Natasha extends her claws.
Natasha barely misses you.
You hit Blork the orc.
Blork the orc is severely wounded.
Blork the orc looks braver for a moment.
Natasha claws you!
* * * LOW HITPOINT WARNING * * *
Blork the orc screams, "I'll rip your head off!"
Blork the orc looks satisfied for a moment.
Natasha claws you but does no damage.
You barely miss Blork the orc.
Blork the orc is severely wounded.
Blork the orc points at you and mumbles some strange words.
The magic dart hits you.
You die...

# #..#........#
.......###..........#
........#...........#
........#.###.......####
........#.# #...<..o..#
.......... #########..
.........# ### ♣♣♣♣
......hog# ≈≈≈..♣
.......@.# ...≈.♣
........## # ≈≈.≈.♣
##.####.# ≈ ..≈≈.♣ #.##
≈ _.≈≈.♣ ##.# ..≈≈.♣
#####..###
≈≈.≈.♣####........## ≈
...≈.♣.............### ♣
≈≈≈..♣...............##
♣


You could see Blork the orc (fast), Natasha and a hobgoblin.

Vanquished Creatures
  Natasha (D:4)
  An iguana (D:4)
  Ijyb (D:4)
  Robin (D:3)
  6 adders
  A worm (D:3)
  An orc (D:3)
  2 ball pythons (D:3)
  5 endoplasms (D:1)
  3 giant cockroaches
  7 hobgoblins
  A jackal (D:1)
  4 bats
  A frilled lizard (D:2)
  10 goblins
  6 kobolds
  6 rats
57 creatures vanquished.

Notes
Turn   | Place    | Note
-------+----------+-------------------------------------------
     0 | D:1      | Peloso the Minotaur Fighter began the quest for the Orb.
     0 | D:1      | Reached XP level 1. HP: 19/19 MP: 0/0
    18 | D:1      | Noticed an electric eel
    76 | D:1      | Found a faded altar of an unknown god.
   190 | D:1      | Reached XP level 2. HP: 21/27 MP: 1/1
   484 | D:1      | Reached skill level 4 in Armour
   538 | D:1      | You fall into a shaft and drop 1 floor!
   693 | D:2      | Reached XP level 3. HP: 32/33 MP: 2/2
  1456 | D:3      | Noticed Robin
  1548 | D:2      | Reached XP level 4. HP: 20/40 MP: 3/3
  1715 | D:3      | Killed Robin
  2604 | D:4      | Found a hazy altar of Hepliaklqana.
  2722 | D:4      | Noticed Natasha
  2730 | D:4      | Killed Natasha
  2731 | D:4      | Reached skill level 5 in Armour
  2731 | D:4      | Reached XP level 5. HP: 38/47 MP: 4/4
  2851 | D:4      | Noticed Ijyb
  2868 | D:4      | Killed Ijyb
  3011 | D:4      | Noticed Blork the orc
  3351 | D:4      | Noticed Natasha
  3360 | D:4      | HP: 1/47 [Natasha (7)]
  3361 | D:4      | Killed from afar by Blork the orc

Illustrated notes

Levels and vault maps discovered:
D:1:      arrival_aquarium_a, layout_basic,
          hellmonk_ecumenical_altar_arch_garden, st_stairs_8,
          minmay_pentomino_t2
D:2:      layout_rooms
D:3:      layout_rooms, fountainhead, uniq_robin
D:4:      layout_cave_pods, mainiacjoe_overflow_paths, zin_purify,
          serial_bayou_lake_a, uniq_natasha, uniq_blork_the_orc, uniq_ijyb

Skill      XL: |  1  2  3  4  5 |
---------------+----------------+-----
Armour         | 4 5 |  5.2
Shields        | 4 |  4.3
Fighting       | 4 |  4.6
Long Blades    | 3 4 |  4.2
Dodging        | |  0.9

Action                   |  1- 3 |  4- 6 || total
-------------------------+-------+-------++-------
Melee: Long sword        |    58 |    81 ||   139
       Headbutt          |     8 |    13 ||    21
  Use: Scroll            |       |     1 ||     1
Armor: Scale mail        |    12 |       ||    12
       Chain mail        |    30 |    46 ||    76
Dodge: Dodged            |    38 |    28 ||    66
Block: Buckler           |    18 |    21 ||    39
